 Dungeon Crawl Stone Soup version 0.23-a0-730-g0b75920 (console) character file.

25 Voker57 the Slasher (level 2, -22/23 HPs)
             Began as a Demonspawn Gladiator on Jan 17, 2019.
             Engulfed by a cloud of flame (32 damage)
             ... on level 1 of the Dungeon.
             The game lasted 00:00:37 (669 turns).

Voker57 the Slasher (Demonspawn Gladiator)           Turns: 669, Time: 00:00:38

Health: -22/23     AC:  5    Str: 14    XL:     2   Next: 86%
Magic:  2/2        EV: 13    Int:  9    God:
Gold:   34         SH:  0    Dex: 14    Spells: 1/1 levels left

rFire    . . .     SeeInvis .   a - +0 long sword
rCold    . . .     Gourm    .   (no shield)
rNeg     . . .     Faith    .   b - +0 leather armour
rPois    .         Spirit   .   c - +0 helmet
rElec    .         Reflect  .   g - +0 cloak
rCorr    .         Harm     .   (no gloves)
MR       .....                  (no boots)
Stlth    +.........             (no amulet)
HPRegen  0.07/turn              (no ring)
MPRegen  0.08/turn              (no ring)

@: no status effects
A: claws 1
a: no special abilities


You were on level 1 of the Dungeon.
You were not hungry.

You visited 1 branch of the dungeon, and saw 1 of its levels.

You collected 34 gold pieces.

Inventory:

Hand Weapons
 a - a +0 long sword (weapon)
Missiles
 d - 3 throwing nets (quivered)
Armour
 b - a +0 leather armour (worn)
 c - a +0 helmet (worn)
 g - a +0 cloak (worn)
Jewellery
 e - an uncursed amulet of regeneration {unknown}
 h - an uncursed ring of protection from cold {unknown}
Comestibles
 f - 2 rations


   Skills:
 + Level 2.3 Fighting
 * Level 3.1 Long Blades
 - Level 1.7 Throwing
 + Level 0.8 Armour
 + Level 2.9 Dodging


You had one spell level left.
You didn't know any spells.
Your spell library was empty.

Dungeon Overview and Level Annotations

Branches:
Dungeon (1/15)

Altars:
Ashenzari


Innate Abilities, Weirdness & Mutations

You have sharp fingernails.


Message History

No target in view!
No target in view!
You now have 34 gold pieces (gained 7).
i - a scroll labeled POARIHUGAF As you open the door, it creaks loudly!
A rat comes into view.
You hear a shout!
Found 9 gold pieces.
A rat is nearby!
As you read the scroll labeled POARIHUGAF, it crumbles to dust.
The creatures around you are filled with an inner flame!
It was a scroll of immolation.
You closely miss the rat. The rat bites you but does no damage.
You hit the rat.
The rat explodes!
The fiery explosion engulfs you!
Ouch! That really hurt!
You are engulfed in blazing flames.
Ouch! That really hurt!
You die...

#.#
#.....##........
#.#
########........
#.# #........
#.# #.......#
#.# #.......+
#.# ## #.......#
#.# ..#
#.......# #.#
...# #........
#.###§...#
#........
#..@§§..$+
.........
#####§...#
......... ...#
......... ..#
......... .#
......... #
.........
.........
........ .......


There were no monsters in sight!

Vanquished Creatures
  2 dart slugs (D:1)
  A leopard gecko (D:1)
  2 giant cockroaches (D:1)
  3 goblins (D:1)
  A hobgoblin (D:1)
  4 jackals (D:1)
  A bat (D:1)
  5 rats (D:1)
19 creatures vanquished.

Notes
Turn   | Place    | Note
-------+----------+-------------------------------------------
     0 | D:1      | Voker57 the Demonspawn Gladiator began the quest for the
                  | Orb.
     0 | D:1      | Reached XP level 1. HP: 16/16 MP: 1/1
   129 | D:1      | Gained mutation: You have sharp fingernails. [demonic
                  | ancestry]
   129 | D:1      | Reached XP level 2. HP: 14/22 MP: 2/2
   143 | D:1      | Reached skill level 3 in Long Blades
   380 | D:1      | Found a shattered altar of Ashenzari.
   669 | D:1      | Engulfed by a cloud of flame

Vault maps used:
D:1:      psy_arrival_conway, nicolae_ashenzari_panopticon

Skill      XL: |  1  2 |
---------------+-------+-----
Long Blades    | 3 |  3.1
Fighting       | |  2.3
Throwing       | |  1.7
Armour         | |  0.8
Dodging        | |  2.9

Action                   || total
-------------------------++-------
Melee: Long sword        ||    52
  Use: Scroll            ||     1
Armor: Leather armour    ||    16
Dodge: Dodged            ||    42
       Rpst.: Long sword ||    18

Table legend:
 A = Non-vault XP
 B = Vault XP
 C = Vault XP percentage of total XP
 D = Non-vault monster count
 E = Vault monster count
 F = Vault count percentage of total count
                 A         B        C        D         E       F
            +---------+---------+-------+---------+---------+-------
      Total |      37 |       0 |   0.0 |      19 |       0 |   0.0
            +---------+---------+-------+---------+---------+-------
        D:1 |      37 |       0 |   0.0 |      19 |       0 |   0.0
            +---------+---------+-------+---------+---------+-------
